 Dungeon Crawl Stone Soup version 0.27-a0-836-gfc908b8576 (webtiles) character file.

Game seed: 8096033331887720676

75 funkygono the Covered (level 4, -1/35 HPs)
             Began as a Djinni Fighter on Mar 31, 2021.
             Slain by an iguana (8 damage)
             ... on level 2 of the Dungeon.
             The game lasted 00:04:08 (3277 turns).

funkygono the Covered (Djinni Fighter)              Turns: 3277, Time: 00:04:08

Health: -1/35      AC:  8    Str: 15    XL:     4   Next: 31%
Gold:   52         EV:  6    Int: 10    God:
                   SH: 10    Dex: 13

rFire    + + .     SeeInvis .   a - +1 long sword
rCold    x . .     Faith    .   c - +1 kite shield
rNeg     . . .     Spirit   .   b - +0 scale mail
rPois    ∞         Reflect  .   (no helmet)
rElec    .         Harm     .   (no cloak)
rCorr    .         Rampage  .   j - +0 pair of gloves
Will     .....                  (boots unavailable)
Stlth    ..........             (no amulet)
HPRegen  0.11/turn              (no ring)
MPRegen  0.00/turn              (no ring)

@: flying
A: fire resistance 2, cold vulnerability 1, float, innate caster, hp casting,
extra vitality 1
a: no special abilities


You were on level 2 of the Dungeon.
You visited 1 branch of the dungeon, and saw 3 of its levels.

You collected 52 gold pieces.

Inventory:

Hand Weapons
 a - a +1 long sword (weapon)
Armour
 b - a +0 scale mail (worn)
 c - a +1 kite shield (worn)
 j - a +0 pair of gloves (worn)
Potions
 d - a potion of might
 e - a potion of berserk rage
 f - a potion of brilliance
 h - 2 potions of curing


   Skills:
 + Level 3.3 Fighting
 + Level 2.4 Long Blades
 * Level 3.5 Armour
 + Level 0.1 Dodging
 + Level 0.1 Stealth
 * Level 3.4 Shields
 * Level 1.0 Spellcasting


You had 4 spell levels left.
You knew the following spells:

 Your Spells              Type           Power      Damage    Failure   Level
a - Foxfire               Conj/Fire      8%         2x1d4     98%         1
Your spell library was empty.

Dungeon Overview and Level Annotations

Branches:
Dungeon (3/15)

Altars:
The Shining One


Innate Abilities, Weirdness & Mutations

You are immune to poison.
Your flesh is very heat resistant. (rF++)
You are vulnerable to cold. (rC-)
You float through the air rather than walking.
You learn spells naturally, not from books.
Your magical power is your life essence.
You have superior vitality. (+4 HP)


Message History

Your shield prevents you from hitting the iguana.
The iguana is heavily wounded.
The iguana barely misses you.
The iguana bites you but does no damage.
The iguana hisses menacingly.
There is an open door here.
You block the adder's attack. The adder bites you but does no damage.
You block the adder's attack. The adder barely misses you.
You riposte.
You closely miss the adder. The adder bites you but does no damage.
The adder bites you but does no damage. The adder bites you.
You block the adder's attack. The adder closely misses you.
You block the adder's attack. The adder bites you but does no damage.
You block the adder's attack. You block the adder's attack.
The adder bites you. You block the adder's attack.
You hit the adder.
The adder is severely wounded.
The adder bites you. The adder bites you but does no damage.
You closely miss the adder.
The adder is severely wounded.
The adder bites you but does no damage. The adder closely misses you.
You hit the adder.
You kill the adder!
The iguana bites you!
* * * LOW HITPOINT WARNING * * *
You completely miss the iguana.
The iguana is moderately wounded.
You block the iguana's attack. The iguana barely misses you.
There is an open door here.
There is an open door here.
The iguana hisses menacingly.
The iguana bites you!
You die...

#.##.......# #.#####
#.##.......# #......
#.######.### #......
#.<......# #......
##.####### #......
#.# #.##### #.#
#####.#####
#.########.l.......#
#.l@...............#
##########.........#
#.........#
#.........#
#.........#
#.........#
#.........#
#.........#
###########


You could see an iguana.

Vanquished Creatures
  2 adders
  A worm (D:2)
  3 dart slugs (D:2)
  5 ball pythons
  3 endoplasms (D:1)
  2 giant cockroaches (D:1)
  4 goblins
  3 hobgoblins
  6 jackals
  3 quokkas (D:1)
  5 bats
  3 kobolds
  6 rats
46 creatures vanquished.

Notes
Turn   | Place    | Note
-------+----------+-------------------------------------------
     0 | D:1      | funkygono the Djinni Fighter began the quest for the Orb.
     0 | D:1      | Reached XP level 1. HP: 20/20 MP: 0/0
   134 | D:1      | Reached XP level 2. HP: 3/25 MP: 0/0
  1215 | D:1      | Reached XP level 3. HP: 24/30 MP: 0/0
  1215 | D:1      | Learned a level 1 spell: Foxfire
  2249 | D:2      | Found a glowing golden altar of the Shining One.
  2276 | D:2      | Reached skill level 1 in Spellcasting
  3029 | D:3      | Reached XP level 4. HP: 34/35 MP: 0/0
  3277 | D:2      | Slain by an iguana

Illustrated notes

Levels and vault maps discovered:
D:1:      saegor_arrival_miasma, layout_basic, nrook_mini_vaults
D:2:      layout_basic, tso_metal_star
D:3:      layout_rooms, chequers_temple_overflow_statue_of_worship,
          roderic_roman_lattice, minmay_misc_feat_encased

Skill      XL: |  1  2  3 |
---------------+----------+-----
Long Blades    | 2 |  2.4
Spellcasting   | 1 |  1.0
Fighting       | |  3.3
Armour         | |  3.5
Dodging        | |  0.1
Stealth        | |  0.1
Shields        | |  3.4

Action                   |  1- 3 |  4- 6 || total
-------------------------+-------+-------++-------
Melee: Long sword        |   149 |    17 ||   166
  Use: Scroll            |     5 |       ||     5
Armor: Scale mail        |    78 |    20 ||    98
Dodge: Dodged            |    48 |     9 ||    57
Block: Kite shield       |   101 |    29 ||   130
       Rpst.: Long sword |    18 |     3 ||    21

Table legend: (Time is in decaauts)
 A = Elapsed time spent in this place.
 B = Non-inter-level travel time spent in this place.
 C = Inter-level travel time spent in this place.
 D = Time resting spent in this place.
 E = Time spent auto-exploring this place.
 F = Levels seen in this place.
 G = Mean time per level.
                   A        B        C        D        E       F      G
               +--------+--------+--------+--------+--------+-----+--------+
         Total |   3366 |   3287 |     79 |     64 |   2510 |   3 | 1122.0 |
       Dungeon |   3366 |   3287 |     79 |     64 |   2510 |   3 | 1122.0 |
               +--------+--------+--------+--------+--------+-----+--------+

Top non-repeatable levels by time:
     D:2: 1716 daAuts
     D:1: 1609 daAuts
     D:3: 40 daAuts
